 Dungeon Crawl Stone Soup version 0.29.1-2-gbd0b4ee654 (webtiles) character file.

Game seed: 10244332128226630815

1141 MTVSty1e the Cleaver (level 8, 0/73 HPs)
             Began as a Minotaur Monk on Oct 23, 2022.
             Was a Priest of Okawaru.
             Killed from afar by a steam dragon (13 damage)
             ... with a ball of steam
             ... on level 6 of the Dungeon.
             The game lasted 00:07:54 (6197 turns).

MTVSty1e the Cleaver (Minotaur Monk)                Turns: 6197, Time: 00:07:55

Health: 0/73       AC: 17    Str: 25    XL:     8   Next: 14%
Magic:  7/7        EV:  5    Int:  7    God:    Okawaru [***...]
Gold:   364        SH:  6    Dex: 12    Spells: 7/7 levels left

rFire   . . .      SeeInvis .   a - +0 hand axe
rCold   . . .      Faith    .   u - +0 kite shield
rNeg    . . .      Spirit   .   e - +0 plate armour
rPois   .          Reflect  .   (helmet restricted)
rElec   .          Harm     .   A - +2 cloak
rCorr   .          Rampage  .   (no gloves)
Will    .....                   (no boots)
Stlth   ..........              (no amulet)
HPRegen 0.22/turn               w - +6 ring of strength
MPRegen 0.10/turn               y - +4 ring of protection

@: no status effects
A: horns 2, retaliatory headbutt
a: Renounce Religion, Heroism


You were on level 6 of the Dungeon.
You worshipped Okawaru.
Okawaru was most pleased with you.
You visited 2 branches of the dungeon, and saw 7 of its levels.

You collected 364 gold pieces.

Inventory:

Hand Weapons
 a - a +0 hand axe (weapon)
Armour
 e - a +0 plate armour (worn)
 t - +0 steam dragon scales
 u - a +0 kite shield (worn)
 A - a +2 cloak (worn)
Jewellery
 c - a +6 ring of strength
 g - a +6 ring of dexterity
 w - a +6 ring of strength (left hand)
 y - a +4 ring of protection (right hand)
 z - a +6 ring of dexterity
Wands
 o - a wand of polymorph (9)
Scrolls
 d - a scroll of poison {unknown}
 f - 2 scrolls of silence {unknown}
 h - 6 scrolls of teleportation {unknown}
 i - 3 scrolls of immolation {unknown}
 j - 5 scrolls of identify {unknown}
 k - 2 scrolls of butterflies {unknown}
 m - 2 scrolls of blinking {unknown}
 n - 2 scrolls of amnesia {unknown}
 q - a scroll of enchant weapon {unknown}
 r - a scroll of vulnerability {unknown}
 v - 3 scrolls of magic mapping {unknown}
Potions
 b - a potion of magic {unknown}
 l - 2 potions of flight
 p - a potion of berserk rage {unknown}
 s - 2 potions of lignification {unknown}
 x - a potion of mutation {unknown}


   Skills:
 + Level 7.5 Fighting
 * Level 10.2 Axes
 - Level 3.2 Dodging
 - Level 1.5 Stealth


You had 7 spell levels left.
You didn't know any spells.
Your spell library contained the following spells:

 Spells                   Type           Power      Damage    Failure   Level
 Slow                     Hex            0%         N/A       100%        1
 Confusing Touch          Hex            0%         N/A       100%        3
 Portal Projectile        Hex/Tloc       0%         N/A       100%        3
 Vampiric Draining        Necr           0%         2d6       100%        3
 Leda's Liquefaction      Hex/Erth       0%         N/A       100%        4
 Call Canine Familiar     Summ           Unusable   N/A       N/A         3

Dungeon Overview and Level Annotations

Branches:
Dungeon (6/15)             Temple (1/1) D:4

Altars:
Ashenzari
Cheibriados
Dithmenos
Elyvilon
Fedhas
Gozag
Hepliaklqana
Kikubaaqudgha
Makhleb
Nemelex Xobeh
Okawaru
Qazlal
Ru
Sif Muna
Trog
Uskayaw
Vehumet
Xom
Yredelemnul
Zin
The Shining One

Shops:
D:3 (


Innate Abilities, Weirdness & Mutations

You have a pair of horns on your head.
You reflexively headbutt those who attack you in melee.


Message History

The steam dragon breathes steam at you. The ball of steam hits you.
* * * LOW HITPOINT WARNING * * *
You hit the bush.
The bush is lightly damaged.
You hit the bush but do no damage.
The bush is engulfed in a cloud of scalding steam.
You hit the bush but do no damage. You barely miss the steam dragon.
You hit the bush.
The bush is engulfed in a cloud of scalding steam.
The steam dragon bites you but does no damage.
You block the steam dragon's attack.
A sky beast appears from thin air!
Reactivating autopickup.
Really walk into that cloud of steam?
Okay, then.
Really walk into that cloud of steam? [Y]es or [N]o only, please.
Really walk into that cloud of steam?
The sky beast attacks as you move away! The sky beast barely misses you.
You are engulfed in a cloud of scalding steam.
* * * LOW HITPOINT WARNING * * *
The bush is engulfed in a cloud of scalding steam.
The bush is engulfed in a cloud of scalding steam.
The sky beast attacks as you move away!
The sky beast hits you but does no damage.
The steam dragon attacks as you move away!
The steam dragon bites you but does no damage.
The steam dragon claws you but does no damage.
The sky beast attacks as you move away! The sky beast barely misses you.
You furiously retaliate!
You headbutt the sky beast.
The sky beast flickers out of sight!
Deactivating autopickup; reactivate with Ctrl-A.
The iguana hisses menacingly.
You see here a +0 leather armour.
The steam dragon attacks as you move away!
The steam dragon bites you but does no damage.
The steam dragon claws you but does no damage.
The steam dragon breathes steam at you. The ball of steam hits you!
You die...

###..PPPP...PPPP...### ##
#....................# .###
#.#.......⌠.......##.....
...###.#...............##....##
....#..#..PPPP...PPPP..#......#
#.....##..P..P..lP..P......##.#
.#........P..P.{DP..P.....#...##
..##.......PPP..§PPP.....#.....##
#..##...........@..........♣....#
#...###....................♣.PP..
##...###....####.......##.....♣..
##...####..##............#.....#
##...####.#.>............##....
###..............................
#......#####..................###
......## #................###
.....## #...............##


You could see a steam dragon (catching breath) and an iguana.

Vanquished Creatures
  3 water moccasins
  A black bear (D:5)
  An ice beast (D:6)
  A phantom (D:4)
  A scorpion (D:5)
  A howler monkey (D:5)
  Crazy Yiuf (D:4)
  A jelly (D:5)
  A hound (D:5)
  Jessica (D:3)
  An iguana (D:5)
  3 orc wizards (D:4)
  4 gnolls
  9 adders
  A shadow imp (D:5)
  A white imp (D:5)
  An ufetubus (D:5)
  A worm (D:2)
  2 dart slugs
  12 orcs
  9 ball pythons
  11 endoplasms
  4 giant cockroaches
  7 hobgoblins
  9 jackals (D:3)
  4 quokkas
  5 bats
  A frilled lizard (D:1)
  9 goblins
  9 kobolds
  9 rats
124 creatures vanquished.

Notes
Turn   | Place    | Note
-------+----------+-------------------------------------------
     0 | D:1      | MTVSty1e the Minotaur Monk began the quest for the Orb.
     0 | D:1      | Reached XP level 1. HP: 19/19 MP: 0/0
    14 | D:1      | Reached skill level 4 in Axes
    46 | D:1      | Reached XP level 2. HP: 20/27 MP: 1/1
   464 | D:1      | Reached XP level 3. HP: 19/33 MP: 2/2
   686 | D:1      | Found a faded altar of an unknown god.
   988 | D:2      | Reached skill level 5 in Axes
  1510 | D:2      | Reached XP level 4. HP: 41/41 MP: 3/3
  2074 | D:3      | Noticed Jessica
  2079 | D:3      | Killed Jessica
  2225 | D:3      | Reached skill level 6 in Axes
  2285 | D:3      | Reached XP level 5. HP: 45/47 MP: 4/4
  2361 | D:3      | Found Demmautt's Weapon Shoppe.
  2362 | D:3      | You fall into a shaft and drop 1 floor!
  2407 | D:4      | Found a runed translucent door.
  2408 | D:4      | Noticed Crazy Yiuf
  2420 | D:4      | Killed Crazy Yiuf
  2421 | D:4      | Reached skill level 5 in Fighting
  2622 | D:4      | Found a staircase to the Ecumenical Temple.
  2639 | Temple   | Entered the Ecumenical Temple
  2670 | Temple   | Became a worshipper of Warmaster Okawaru
  2670 | Temple   | Reached * piety under Okawaru
  2670 | Temple   | Reached ** piety under Okawaru
  2973 | D:4      | Noticed a phantom
  2979 | D:4      | Killed a phantom
  3055 | D:4      | Reached skill level 7 in Axes
  3062 | D:4      | Reached XP level 6. HP: 52/56 MP: 5/5
  3202 | D:4      | Found a sparkling altar of Nemelex Xobeh.
  3203 | D:4      | Found an opulent altar of Gozag.
  4252 | D:3      | Found a basalt altar of Yredelemnul.
  4252 | D:3      | Found a blossoming altar of Fedhas.
  4259 | D:3      | Found an ancient bone altar of Kikubaaqudgha.
  4261 | D:3      | Found a faded altar of an unknown god.
  4263 | D:3      | Found a faded altar of an unknown god.
  4357 | D:5      | Entered Level 5 of the Dungeon
  4496 | D:5      | Noticed a water moccasin
  4510 | D:5      | Killed a water moccasin
  4511 | D:5      | Reached skill level 8 in Axes
  4511 | D:5      | Reached XP level 7. HP: 48/63 MP: 3/6
  5084 | D:5      | Reached skill level 9 in Axes
  5251 | D:5      | Found a glowing silver altar of Zin.
  5297 | D:5      | Reached *** piety under Okawaru
  5885 | D:6      | Reached XP level 8. HP: 73/73 MP: 7/7
  6027 | D:6      | Reached skill level 10 in Axes
  6132 | D:6      | Identified the +7 sling of Etepisaf {freeze, Dex+6}
  6197 | D:6      | Killed from afar by a steam dragon

Illustrated notes

Levels and vault maps discovered:
D:1:      dpeg_arrival_refuge, layout_basic, hellmonk_ecumenical_altar_run_dry
D:2:      layout_loops_corners
D:3:      layout_loops_ring, chequers_temple_overflow_minitemple, serial_shops,
          nicolae_shop_bloodbath_and_beyond, uniq_jessica
D:4:      layout_basic, grunt_temple_overflow_opulence,
          minmay_temple_entry_mini_moons, uniq_crazy_yiuf_cottage
D:5:      layout_gridville, zin_statuary
D:6:      layout_cave_pods, serial_park, serial_park_paths
          [serial_park_minivault_5x5_7], serial_park_tiny_1,
          serial_park_square2, serial_park_square2, serial_park_tiny_2
Temple:   regret_index_temple_generic_petals

Skill      XL: |  1  2  3  4  5  6  7  8 |
---------------+-------------------------+-----
Axes           | 4 5 6 7 8 9 10 | 10.2
Fighting       | 4 5 6 7 |  7.5
Dodging        | |  3.2
Stealth        | |  1.5

Action                   |  1- 3 |  4- 6 |  7- 9 || total
-------------------------+-------+-------+-------++-------
Melee: Hand axe          |    75 |   142 |    91 ||   308
       Headbutt          |    14 |    24 |    24 ||    62
       Punch             |     1 |       |       ||     1
Invok: Heroism           |       |     2 |     1 ||     3
  Use: Potion            |       |     8 |       ||     8
 Stab: Sleeping          |       |     2 |       ||     2
Armor: Robe              |     5 |       |       ||     5
       Leather armour    |     5 |       |       ||     5
       Steam dragon scal |       |    34 |       ||    34
       Plate armour      |       |    24 |    86 ||   110
Dodge: Dodged            |    47 |    74 |    16 ||   137
Block: Kite shield       |       |    33 |    32 ||    65
